 Dungeon Crawl Stone Soup version 0.20-a0-522-g0b37eee (webtiles) character file.

138 polly the Shield-Bearer (level 5, -7/33 HPs)
             Began as a Gargoyle Fighter on Jan 26, 2017.
             Killed by divine providence
             ... invoked by an orc priest
              (14 damage)
             ... on level 3 of the Dungeon.
             The game lasted 00:03:46 (2725 turns).

polly the Shield-Bearer (Gargoyle Fighter)          Turns: 2725, Time: 00:03:48

Health: -7/33      AC: 18    Str: 20    XL:     5   Next: 21%
Magic:  5/5        EV:  3    Int:  9    God:
Gold:   91         SH:  9    Dex:  9    Spells: 4/4 levels left

rFire    . . .     SeeInvis .   a - +0 flail
rCold    . . .     Gourm    .   s - +0 plate armour
rNeg     + . .     Faith    .   c - +0 shield
rPois    ∞         Spirit   .   (no helmet)
rElec    +         Reflect  .   (no cloak)
rCorr    .         Harm     .   B - +0 pair of gloves (curse)
MR       .....                  m - +0 pair of boots
Stlth    ..........             (no amulet)
Regen    0.2/turn               (no ring)
                                (no ring)

@: no status effects
A: negative energy resistance 1, electricity resistance, unbreathing,
petrification resistance, rot immunity, AC +4
a: no special abilities


You were on level 3 of the Dungeon.
You were not hungry.

You visited 1 branch of the dungeon, and saw 3 of its levels.

You collected 91 gold pieces.

Inventory:

Hand Weapons
 a - a +0 flail (weapon)
Armour
 c - a +0 shield (worn)
 m - a +0 pair of boots (worn)
 s - a +0 plate armour (worn)
 B - a cursed +0 pair of gloves (worn)
Jewellery
 w - a cursed +3 ring of strength {unknown}
Scrolls
 b - a scroll of teleportation {unknown}
 j - 3 scrolls of enchant weapon {unknown}
 r - a scroll of magic mapping {unknown}
 t - a scroll of fear {unknown}
 v - 2 scrolls of identify {unknown}
 x - a scroll of remove curse {unknown}
 y - a scroll of recharging {unknown}
Potions
 d - 3 potions of might
 e - a potion of agility {unknown}
 g - a potion of lignification {unknown}
 h - a potion of berserk rage {unknown}
 k - a potion of haste {unknown}
 l - a potion of brilliance {unknown}
 n - a potion of degeneration {unknown}
 o - a potion of cancellation {unknown}
 p - a potion of flight {unknown}
 q - a potion of cure mutation {unknown}
 z - a potion of curing {unknown}
Comestibles
 f - 4 bread rations
 i - 2 royal jellies
 A - 3 fruits


   Skills:
 + Level 3.8 Fighting
 + Level 3.4 Maces & Flails
 + Level 4.0 Armour
 + Level 0.1 Dodging
 - Level 0.2 Stealth
 + Level 4.4 Shields


You had 4 spell levels left.
You didn't know any spells.

Dungeon Overview and Level Annotations

Branches:
Dungeon (3/15)

Altars:
Fedhas


Innate Abilities, Weirdness & Mutations

You are resistant to torment.
Your stone body is resilient. (AC +4)
You are immune to poison.
You resist negative energy. (rN+)
You are resistant to electric shocks. (rElec)
You can survive without breathing.
You are immune to petrification.
You are immune to rotting.


Message History

The orc wizard completely misses you.
The orc wizard hits you but does no damage.
The orc priest barely misses you.
You closely miss the orc priest.
The orc priest is lightly wounded.
You block the orc wizard's attack.
The orc priest hits you but does no damage.
The orc wizard hits you but does no damage.
You sock the orc priest!
The orc priest is heavily wounded.
The orc wizard hits you but does no damage.
You block the orc priest's attack. You block the orc wizard's attack.
The orc priest hits you but does no damage.
You closely miss the orc priest.
The orc priest is heavily wounded.
The orc wizard barely misses you.
The orc wizard hits you but does no damage.
The orc priest mumbles some strange prayers to Beogh against you.
Beogh smites you!
You die...

#....#.#o........####...########
##. #.##.......## #..## # #.
##.....## #.## # #. ##o..## #.#
.. ##o## #.# ## #.# #.# #.# #.#
##.########.# ####...#@......#
........oo####### ###.#...#.#
#.......# #########


You could see an orc priest and an orc wizard.

Vanquished Creatures
  An orc priest (D:3)
  An orc wizard (D:3)
  An adder (D:3)
  An adder zombie (D:3)
  A worm (D:3)
  3 dart slugs
  A leopard gecko (D:1)
  4 orcs (D:3)
  5 bats
  3 giant cockroaches
  6 goblins
  4 hobgoblins
  11 jackals
  6 kobolds
  A ball python (D:2)
  A frilled lizard (D:1)
  3 rats
53 creatures vanquished.

Notes
Turn   | Place    | Note
-------+----------+-------------------------------------------
     0 | D:1      | polly the Gargoyle Fighter began the quest for the Orb.
     0 | D:1      | Reached XP level 1. HP: 14/14 MP: 1/1
   252 | D:1      | Reached XP level 2. HP: 11/19 MP: 2/2
   996 | D:2      | Reached XP level 3. HP: 15/24 MP: 3/3
  2038 | D:3      | Found a blossoming altar of Fedhas.
  2386 | D:3      | Reached XP level 4. HP: 28/29 MP: 4/4
  2649 | D:3      | Found a faded altar of an unknown god.
  2697 | D:3      | HP: 1/29 [orc priest/divine providence (10)]
  2720 | D:3      | Reached XP level 5. HP: 7/33 MP: 5/5
  2725 | D:3      | Killed from afar by an orc priest

Vault maps used:
D:1:      dpeg_arrival_line_fractal, roderic_curled_sauvastika
D:2:      first_bread, minmay_misc_feat_more_columns, minmay_misc_feat_square
D:3:      serial_undead, serial_undead_c, serial_undead_f, serial_undead_b,
          serial_undead_e, chequers_ecumenical_altar_lobes,
          kennysheep_flooded_box, hangedman_decor_push, minmay_tree_intersection

Skill      XL: |  1  2  3  4 |
---------------+-------------+-----
Maces & Flails | 3 |  3.4
Shields        | 4 |  4.4
Armour         | 4 |  4.0
Fighting       | |  3.8
Dodging        | |  0.1
Stealth        | |  0.2

Action                   |  1- 3 |  4- 6 || total
-------------------------+-------+-------++-------
Melee: Flail             |   160 |    71 ||   231
  Use: Potion            |       |     2 ||     2
  Eat: Chunk             |     2 |     2 ||     4
       Royal jelly       |     1 |       ||     1
Armor: Scale mail        |    40 |       ||    40
       Plate armour      |    78 |   107 ||   185
Dodge: Dodged            |    40 |    17 ||    57
Block: Shield            |    95 |    70 ||   165
